Map: [ESL] Gresvan

Players

Kelazhur

  • Race: Terran Terran
  • Spawn Location: 11:00

Classic - Winner!

  • Race: Protoss Protoss
  • Spawn Location: 5:00

Event: ESL SC2 Masters 2023 Summer (Finals)

VOD

Have the link to the VOD?

Description

Time

  • Played on: June 16, 2023, 12:24 p.m.
  • Length: 9:12

All games in this series

Show
View Real Time Build Order
Export as new Build Order

Kelazhur Terran 

Build Orders: Reaper Expand 

Get SALT Encoding   

  12  0:00  SCV  
  13  0:12  SCV  
  14  0:17  Supply Depot  
  14  0:24  SCV  
  15  0:38  SCV  
  15  0:39  Barracks  
  15  0:42  Refinery  
  16  0:50  SCV  
  17  1:02  SCV  
  18  1:14  SCV  
  19  1:26  Reaper  
  19  1:27  Orbital Command  
  20  1:44  Command Center  
  20  1:51  Supply Depot  
  20  1:53  SCV  
  21  1:58  Marine  
  22  2:05  SCV  
  23  2:08  Bunker  
  23  2:16  Marine  
  23  2:17  SCV  
  25  2:29  SCV  
  26  2:35  Barracks Reactor  
  26  2:39  Command Center  
  26  2:41  SCV  
  27  2:53  Barracks  
  27  2:54  SCV  
  27  2:58  Orbital Command  
  28  3:06  Barracks  
  28  3:07  SCV  
  29  3:13  Marine x2  
  29  3:19  SCV  
  32  3:25  SCV  
  33  3:32  SCV  
  33  3:33  Marine x2  
  34  3:37  SCV  
  35  3:42  Barracks Tech Lab  
  35  3:45  SCV  
  35  3:46  Engineering Bay  
  36  3:50  Marine x2  
  36  3:51  Orbital Command  
  37  3:58  SCV, Barracks Tech Lab  
  37  4:06  Stimpack, Marine  
  37  4:08  Marine  
  39  4:10  Marine  
  39  4:16  Missile Turret  
  40  4:17  Marine  
  40  4:21  Combat Shield  
  41  4:27  SCV x2, Marine  
  41  4:28  Marine  
  41  4:30  SCV  
  41  4:31  Marine  
  47  4:39  Marine  
  47  4:41  SCV  
  47  4:48  SCV  
  47  4:50  Terran Infantry Weapons Level 1, Marine  
  47  4:51  Marine x2  
  51  4:55  SCV  
  51  4:57  Refinery  
  51  4:59  SCV  
  53  5:00  Marine  
  53  5:02  SCV  
  53  5:05  Supply Depot  
  55  5:08  Missile Turret  
  55  5:09  Marine x2  
  55  5:12  SCV  
  55  5:13  SCV  
  59  5:15  SCV  
  60  5:24  SCV  
  60  5:25  SCV  
  60  5:27  Marauder x2, SCV  
  64  5:32  Marine x2  
  64  5:36  SCV  
  64  5:37  Factory  
  64  5:38  Refinery  
  64  5:40  SCV x2, Supply Depot  
  64  5:41  Concussive Shells  
  67  5:48  Marauder  
  69  5:55  Supply Depot  
  69  5:57  SCV  
  69  5:59  Marine  
  69  6:01  Marine  
  69  6:02  Marauder  
  69  6:03  SCV  
  73  6:04  SCV  
  73  6:09  Refinery  
  73  6:10  SCV  
  75  6:12  Marauder  
  75  6:13  Supply Depot  
  75  6:17  SCV x2  
  79  6:20  Marine x2  
  79  6:23  Supply Depot  
  81  6:27  Marauder, Starport  
  81  6:28  Factory Reactor  
  83  6:36  Marauder, SCV  
  83  6:37  Barracks  
  83  6:39  SCV, Marine  
  84  6:40  Barracks, Marine  
  84  6:45  Terran Infantry Armor Level 1  
  86  6:48  SCV  
  86  6:49  Marauder  
  86  6:51  SCV  
  90  6:57  Marauder  
  90  6:59  Marine x2  
  90  7:00  SCV  
  93  7:03  SCV  
  93  7:06  Supply Depot  
  94  7:10  Marauder  
  94  7:14  Medivac x2  
  94  7:15  SCV, Factory Reactor  
  100  7:22  Marine, Supply Depot  
  101  7:27  Marine, Marauder, Armory, SCV  
  101  7:33  Marauder  
  103  7:38  SCV  
  103  7:41  Barracks Tech Lab  
  104  7:49  Marauder  
  104  7:50  Medivac  
  108  7:54  Marauder  
  106  7:59  Marauder  
  106  8:03  Orbital Command  
  108  8:07  Widow Mine x2  
  108  8:08  Barracks Reactor  
  108  8:09  Marine x2  
  108  8:10  SCV, Marauder  
  117  8:14  Ghost Academy  
  117  8:18  Supply Depot  
  117  8:27  Supply Depot  
  117  8:28  Supply Depot  
  117  8:31  Missile Turret  
  117  8:34  Marine  
  117  8:36  Medivac  
  117  8:39  SCV, Medivac  
  117  8:40  Widow Mine, Marauder x2  
  124  8:48  Marauder  
  124  8:50  Marine x2  
Show
View Real Time Build Order
Export as new Build Order

Classic Protoss - Winner!

Build Orders: 1 Gate Expand, Oracle Opening 

Get SALT Encoding   

  12  0:00  Probe  
  13  0:12  Probe  
  14  0:17  Pylon  
  14  0:24  Probe (Chrono Boost)  
  15  0:35  Gateway  
  15  0:36  Probe (Chrono Boost)  
  16  0:45  Probe (Chrono Boost)  
  16  0:47  Assimilator  
  17  0:51  Probe  
  18  1:03  Probe  
  19  1:15  Probe  
  20  1:22  Cybernetics Core  
  20  1:32  Nexus  
  20  1:39  Pylon  
  20  1:41  Probe  
  21  1:48  Assimilator  
  21  1:53  Probe  
  22  1:55  Adept (Chrono Boost)  
  24  2:03  Pylon  
  24  2:06  Probe  
  25  2:15  Adept (Chrono Boost)  
  25  2:18  Probe  
  28  2:26  Stargate  
  28  2:30  Probe  
  28  2:32  Warp Gate  
  29  2:38  Adept (Chrono Boost)  
  31  2:45  Probe x2  
  33  2:57  Probe x2  
  35  2:59  Adept  
  37  3:08  Oracle (Chrono Boost)  
  37  3:09  Probe x2  
  42  3:21  Probe x2  
  43  3:33  Probe x2  
  43  3:34  Pylon  
  45  3:37  Twilight Council  
  45  3:47  Gateway  
  45  3:49  Gateway  
  45  3:50  Probe x2  
  48  4:02  Probe (Chrono Boost)  
  48  4:05  Probe (Chrono Boost)  
  48  4:07  Assimilator  
  49  4:10  Assimilator  
  49  4:12  Blink (Chrono Boost)  
  49  4:14  Probe (Chrono Boost)  
  51  4:17  Pylon  
  51  4:18  Probe (Chrono Boost)  
  51  4:19  Probe (Chrono Boost)  
  51  4:23  Stalker  
  54  4:26  Probe  
  54  4:29  Probe  
  56  4:35  Robotics Facility  
  57  4:38  Probe  
  57  4:41  Probe  
  56  4:51  Stalker x3  
  63  4:57  Pylon  
  62  5:04  Nexus  
  62  5:17  Stalker x3  
  62  5:21  Probe x2  
  70  5:23  Pylon  
  70  5:33  Probe x2  
  70  5:34  Robotics Bay  
  72  5:38  Observer  
  72  5:41  Stalker x3  
  79  5:45  Probe x2  
  79  5:47  Pylon  
  81  5:57  Probe x2  
  83  6:05  Observer (Chrono Boost)  
  83  6:06  Shield Battery  
  83  6:07  Stalker x2  
  83  6:08  Stalker  
  90  6:13  Probe x2  
  90  6:16  Probe  
  93  6:19  Pylon  
  93  6:23  Colossus (Chrono Boost)  
  99  6:27  Extended Thermal Lance  
  99  6:41  Stalker x3  
  99  6:44  Probe x3, Gateway  
  108  6:47  Gateway  
  108  6:50  Observer  
  108  6:52  Pylon  
  108  6:57  Probe  
  108  6:58  Probe x2  
  111  7:04  Gateway, Colossus (Chrono Boost)  
  111  7:07  Gateway  
  117  7:13  Sentry  
  117  7:14  Zealot x2  
  123  7:18  Gateway  
  123  7:25  Pylon  
  123  7:27  Pylon  
  119  7:35  Forge  
  118  7:38  Forge  
  118  7:41  Assimilator  
  118  7:42  Probe, Pylon  
  118  7:43  Probe x2  
  121  7:45  Colossus (Chrono Boost)  
  123  8:00  Zealot x7  
  133  8:08  Nexus  
  133  8:12  Pylon  
  133  8:24  Warp Prism  
  135  8:33  Stalker x4  
  141  8:44  Stalker x3  
  141  8:47  Robotics Facility  
  145  8:57  Zealot x3  
Tags
 
Add a new tag
Caveats
  • Supply blocks, unpowered buildings, or Contaminate may cause inaccurate times.
  • Supply counts are checked every 10 seconds.